 Dungeon Crawl Stone Soup version 0.27-a0-1548-gf8a67e7463 (webtiles) character file.

Game seed: 4854370650940215703

423 garrulousMonolith the Chopper (level 6, -9/56 HPs)
             Began as a Hill Orc Monk on July 13, 2021.
             Mangled by Menkaure (14 damage)
             ... on level 4 of the Dungeon.
             The game lasted 00:03:16 (3994 turns).

garrulousMonolith the Chopper (Hill Orc Monk)       Turns: 3994, Time: 00:03:16

Health: -9/56      AC:  9    Str: 16    XL:     6   Next: 95%
Magic:  8/8        EV: 10    Int: 10    God:
Gold:   198        SH:  0    Dex: 13    Spells: 5/5 levels left

rFire    . . .     SeeInvis .   a - +0 war axe
rCold    . . .     Faith    .   (no shield)
rNeg     . . .     Spirit   .   d - +0 scale mail
rPois    .         Reflect  .   l - +2 helmet
rElec    .         Harm     .   (no cloak)
rCorr    .         Rampage  .   (no gloves)
Will     .....     Rnd*Rage +   (no boots)
Stlth    ..........             (no amulet)
HPRegen  0.18/turn              (no ring)
MPRegen  0.11/turn              (no ring)

@: no status effects
A: berserk 1, sense surroundings 1
a: no special abilities


You were on level 4 of the Dungeon.
You visited 1 branch of the dungeon, and saw 4 of its levels.

You collected 198 gold pieces.

Inventory:

Hand Weapons
 a - a +0 war axe (weapon)
Missiles
 g - 19 poisoned darts (quivered)
Armour
 d - a +0 scale mail (worn)
 l - a +2 helmet (worn)
Magical Staves
 j - a staff of poison
Jewellery
 i - an amulet of magic regeneration
 n - a ring of poison resistance
Wands
 q - a wand of flame (18)
Scrolls
 b - 2 scrolls of amnesia
 c - a scroll of identify {unknown}
 e - 2 scrolls of teleportation
 f - a scroll of fog {unknown}
 h - a scroll of immolation {unknown}
Potions
 k - a potion of mutation
 m - a potion of attraction {unknown}
 o - a potion of flight {unknown}
 p - a potion of curing {unknown}
 r - a potion of magic {unknown}


   Skills:
 + Level 5.1 Fighting
 * Level 6.7 Axes
 + Level 2.8 Armour
 - Level 3.0 Dodging
 - Level 1.5 Stealth
 + Level 3.5 Invocations


You had 5 spell levels left.
You didn't know any spells.
Your spell library contained the following spells:

 Spells                   Type           Power      Damage    Failure   Level
 Apportation              Tloc           0%         N/A       80%         1
 Poisonous Vapours        Pois/Air       0%         N/A       90%         2
 Mephitic Cloud           Conj/Pois/Air  0%         N/A       99%         3
 Ozocubu's Armour         Ice            0%         N/A       99%         3
 Alistair's Intoxication  Tmut/Pois      0%         N/A       100%        5
 Freezing Cloud           Conj/Ice/Air   0%         6-21      100%        5
 Invisibility             Hex            0%         N/A       100%        6
 Ozocubu's Refrigeration  Ice            0%         4d5       100%        7


Dungeon Overview and Level Annotations

Branches:
Dungeon (4/15)
 Temple: D:4-7

Altars:
Fedhas
Hepliaklqana
Ru
Yredelemnul

Annotations:
D:4 1 runed translucent door, Menkaure


Innate Abilities, Weirdness & Mutations

You tend to lose your temper in combat.
You passively map a small area around you.


Message History

Found a runed translucent door. 2 skeletons come into view.
Found a basalt altar of Yredelemnul.
There are monsters nearby!
You slash the goblin skeleton!
You destroy the goblin skeleton!
You slash the jackal skeleton!
You destroy the jackal skeleton!
No target in view!
No target in view!
Found an encrusted copper wand.
Menkaure, Prince of Dust comes into view.
Found a scroll of teleportation.
Menkaure shouts!
Menkaure is nearby!
Menkaure is nearby!
It was a potion of mutation.
You feel extremely strange.
You feel a little pissed off.
You feel a strange attunement to the structure of the dungeons.
Menkaure mumbles some strange words.
Menkaure seems to speed up.
Menkaure gestures at you while chanting.
Pain shoots through your body!
Found a blossoming altar of Fedhas.
Menkaure hits you but does no damage.
Menkaure calls on the powers of darkness!
Your body is wracked with pain!
You hit Menkaure.
Menkaure is lightly damaged.
Menkaure calls on the powers of darkness!
Your body is wracked with pain!
* * * LOW HITPOINT WARNING * * *
You slash Menkaure!
Menkaure is severely damaged.
Menkaure barely misses you.
You hit Menkaure.
Menkaure is almost destroyed.
Menkaure hits you!
* * * LOW HITPOINT WARNING * * *
Menkaure hits you!
You die...

###.##..##.....##
, ,
,........#.#####
* *#. ,#.....#
.##.. #.#.### , ,
.....##.#.# , ,
../.......# ,
........###
......#.# .?...
#@# .P.P,,#M# *
,..., ..# , ..
..## . ...*
8888.. ..... * ,
8._... * , ,


You could see Menkaure (fast).

Vanquished Creatures
  Eustachio (D:4)
  A bullfrog (D:3)
  Jessica (D:3)
  Natasha (thrice) (D:4)
  Robin (D:2)
  4 adders
  A worm (D:2)
  2 dart slugs
  An orc (D:3)
  2 endoplasms
  2 giant cockroaches
  15 goblins
  9 hobgoblins
  5 jackals (D:1)
  5 ball pythons
  A bat (D:2)
  A frilled lizard (D:1)
  A goblin skeleton (D:4)
  A jackal skeleton (D:4)
  10 kobolds
  8 rats
75 creatures vanquished.

Vanquished Creatures (others)
  A goblin (D:3)
  10 plants
11 creatures vanquished.

Grand Total: 86 creatures vanquished

Notes
Turn   | Place    | Note
-------+----------+-------------------------------------------
     0 | D:1      | garrulousMonolith the Hill Orc Monk began the quest for the
                  | Orb.
     0 | D:1      | Reached XP level 1. HP: 19/19 MP: 1/1
   271 | D:1      | Reached XP level 2. HP: 25/27 MP: 2/2
   313 | D:1      | Reached skill level 1 in Invocations
   504 | D:1      | Reached XP level 3. HP: 33/33 MP: 3/3
   700 | D:1      | Reached skill level 1 in Armour
  1750 | D:2      | Reached XP level 4. HP: 39/40 MP: 5/5
  1755 | D:2      | Found a faded altar of an unknown god.
  1769 | D:2      | Reached skill level 5 in Axes
  2255 | D:3      | Noticed Robin
  2301 | D:2      | Killed Robin
  2510 | D:3      | Noticed Jessica
  2521 | D:3      | Killed Jessica
  2522 | D:3      | Reached XP level 5. HP: 34/46 MP: 6/6
  2962 | D:3      | Found a sacrificial altar of Ru.
  2963 | D:3      | Found a hazy altar of Hepliaklqana.
  3399 | D:4      | Noticed Natasha
  3405 | D:4      | Noticed Eustachio
  3406 | D:4      | Killed Natasha
  3518 | D:4      | Killed Eustachio
  3519 | D:4      | Reached skill level 5 in Fighting
  3519 | D:4      | Reached skill level 6 in Axes
  3519 | D:4      | Reached XP level 6. HP: 28/56 MP: 8/8
  3653 | D:4      | Noticed Natasha
  3660 | D:4      | Killed Natasha
  3768 | D:4      | Noticed Natasha
  3774 | D:4      | Killed Natasha
  3960 | D:4      | Found a runed translucent door.
  3960 | D:4      | Noticed a human
  3964 | D:4      | Found a basalt altar of Yredelemnul.
  3987 | D:4      | Noticed Menkaure
  3988 | D:4      | Gained mutation: You tend to lose your temper in combat.
                  | [potion of mutation]
  3988 | D:4      | Gained mutation: You passively map a small area around you.
                  | [potion of mutation]
  3991 | D:4      | Found a blossoming altar of Fedhas.
  3994 | D:4      | Mangled by Menkaure

Illustrated notes

Levels and vault maps discovered:
D:1:      dpeg_arrival_yet_another_circle, layout_basic, serial_glass,
          glass_columns_b, glass_columns_b, lexackson_kobold_supper
D:2:      layout_loops_ring, shapermc_ecumenical_altar_venn
D:3:      layout_basic, mainiacjoe_overflow_divided_tiny, minmay_misc_feat_rows,
          chequers_garden, uniq_jessica, uniq_robin
D:4:      layout_basic, mainiacjoe_overflow_chevrons, dk_yredelemnul_ordeal,
          minmay_temple_entry_sparse_star, corexii_checkpoint_a, uniq_natasha,
          uniq_eustachio, uniq_menkaure, uniq_edmund, uniq_crazy_yiuf_cottage

Skill      XL: |  1  2  3  4  5 |
---------------+----------------+-----
Invocations    | 1 2 3 |  3.5
Armour         | 1 2 |  2.8
Fighting       | 4 5 |  5.1
Axes           | 5 6 |  6.7
Dodging        | 3 |  3.0
Stealth        | |  1.5

Action                   |  1- 3 |  4- 6 || total
-------------------------+-------+-------++-------
Melee: Hand axe          |   136 |    64 ||   200
       War axe           |       |    60 ||    60
Throw: Dart              |       |     1 ||     1
  Use: Scroll            |     1 |     1 ||     2
       Potion            |       |     1 ||     1
 Stab: Sleeping          |     1 |       ||     1
Armor: Robe              |     4 |       ||     4
       Scale mail        |    68 |    74 ||   142
Dodge: Dodged            |    73 |    78 ||   151

Table legend: (Time is in decaauts)
 A = Elapsed time spent in this place.
 B = Non-inter-level travel time spent in this place.
 C = Inter-level travel time spent in this place.
 D = Time resting spent in this place.
 E = Time spent auto-exploring this place.
 F = Levels seen in this place.
 G = Mean time per level.
                   A        B        C        D        E       F      G
               +--------+--------+--------+--------+--------+-----+--------+
         Total |   4025 |   3924 |    101 |    766 |   2586 |   4 | 1006.2 |
       Dungeon |   4025 |   3924 |    101 |    766 |   2586 |   4 | 1006.2 |
               +--------+--------+--------+--------+--------+-----+--------+

Top non-repeatable levels by time:
     D:3: 1301 daAuts
     D:2: 1174 daAuts
     D:1: 1031 daAuts
     D:4: 518 daAuts
